 Dungeon Crawl Stone Soup version 0.22-a0-265-g0d8bc90 (webtiles) character file.

5188 ohad the Grappler (level 10, -3/84 HPs)
             Began as a Ghoul Monk on Mar 7, 2018.
             Was a Priest of Cheibriados.
             Killed from afar by an orc wizard (5 damage)
             ... with a puff of frost
             ... on level 8 of the Dungeon.
             The game lasted 00:19:54 (7140 turns).

ohad the Grappler (Ghoul Monk)                      Turns: 7140, Time: 00:19:54

Health: -3/84      AC:  9    Str: 23    XL:     10   Next: 60%
Magic:  9/9        EV: 15    Int: 12    God:    Cheibriados [***...]
Gold:   115        SH:  0    Dex: 21    Spells: 9/9 levels left

rFire    . . .     SeeInvis .     - Unarmed
rCold    + . .     Gourm    .   (no shield)
rNeg     + + +     Faith    .   J - +0 scale mail
rPois    ∞         Spirit   .   T - +1 hat
rElec    .         Reflect  .   I - +0 cloak
rCorr    .         Harm     .   (no gloves)
MR       +....                  (no boots)
Stlth    +.........             d - amulet of regeneration
HPRegen  0.00/turn              E - ring of wizardry
MPRegen  0.11/turn              S - ring of protection from magic

@: rotting, very slow
A: rotting body, claws 1, carnivore, cold resistance 1, negative energy
resistance 3, inhibited regeneration, torment resistance, unbreathing
a: Bend Time, Temporal Distortion, Renounce Religion


You were on level 8 of the Dungeon.
You worshipped Cheibriados.
Cheibriados was most pleased with you.
You were not hungry.

You visited 2 branches of the dungeon, and saw 9 of its levels.

You collected 355 gold pieces.
You spent 240 gold pieces at shops.

Inventory:

Hand Weapons
 a - a +0 hand axe of freezing
 u - a +2 dagger of freezing
 x - a +0 blowgun
 D - a +3 quarterstaff of chaos
 H - a +0 whip of electrocution
Missiles
 p - 61 bolts
 s - 7 poisoned javelins (quivered)
 y - 46 poisoned needles
 B - 7 tomahawks
 V - a throwing net
Armour
 j - a +0 ring mail
 z - a +0 chain mail
 I - a +0 cloak (worn)
 J - a +0 scale mail (worn)
 L - a +1 leather armour of poison resistance
 T - a +1 hat (worn)
Jewellery
 d - an amulet of regeneration (around neck)
 e - an uncursed amulet of guardian spirit
 m - an uncursed ring of ice
 w - an uncursed ring of ice
 E - a ring of wizardry (left claw)
 N - a +4 amulet of reflection {unknown}
 S - a ring of protection from magic (right claw)
 U - an uncursed ring of resist corrosion {unknown}
Wands
 o - a wand of flame (23)
 F - a wand of clouds (4)
 G - a wand of iceblast (17)
 O - a wand of paralysis (13)
 R - a wand of scattershot (4)
Scrolls
 c - 5 scrolls of identify
 g - 7 scrolls of remove curse {unknown}
 h - a scroll of enchant armour {unknown}
 l - a scroll of fog {unknown}
 q - 3 scrolls of teleportation {unknown}
 r - a scroll of amnesia {unknown}
 A - a scroll of random uselessness {unknown}
 C - a scroll of immolation {unknown}
 M - a scroll of enchant weapon {unknown}
 P - a scroll of torment {unknown}
 Q - a scroll of fear {unknown}
Potions
 f - 6 potions of heal wounds
 i - a potion of might
 k - 2 potions of brilliance {unknown}
 n - a potion of ambrosia {unknown}
 t - 2 potions of lignification {unknown}
 v - 5 potions of curing
Comestibles
 b - 17 rations
 K - 10 chunks of flesh


   Skills:
 + Level 6.6 Fighting
 - Level 5.2 Armour
 - Level 6.1 Dodging
 - Level 2.1 Stealth
 - Level 12.8 Unarmed Combat


You had 9 spell levels left.
You didn't know any spells.

Dungeon Overview and Level Annotations

Branches:
Dungeon (8/15)             Temple (1/1) D:7
   Lair: D:8-11

Altars:
Ashenzari
Cheibriados
Dithmenos
Elyvilon
Fedhas
Gozag
Kikubaaqudgha
Makhleb
Nemelex Xobeh
Okawaru
Qazlal
Ru
Sif Muna
Trog
Uskayaw
Vehumet
Wu Jian
Xom
Yredelemnul
The Shining One

Shops:
D:4 *   D:7 !


Innate Abilities, Weirdness & Mutations

Your body is rotting away.
You thrive on raw meat.
You are immune to poison.
You have sharp fingernails.
You are carnivorous and can eat meat at any time.
Your flesh is cold resistant. (rC+)
You are immune to negative energy. (rN+++)
You do not regenerate when monsters are visible.
You are immune to unholy pain and torment.
You can survive without breathing.


Message History

The orc misses you. The orc warrior closely misses you.
You scratch the orc warrior.
The orc warrior is lightly wounded.
The orc closely misses you.
You scratch the orc warrior but do no damage.
You claw the orc warrior.
The orc warrior is lightly wounded.
The orc warrior hits you with a short sword!
* * * LOW HITPOINT WARNING * * *
You closely miss the orc warrior.
The orc warrior is lightly wounded.
The orc barely misses you.
The orc warrior hits you with a short sword.
* * * LOW HITPOINT WARNING * * *
You scratch the orc warrior.
The orc warrior is moderately wounded.
The orc hits you but does no damage. The orc warrior barely misses you.
The orc wizard points at you and mumbles some strange words.
The puff of frost hits you! You resist.
You die...

.. #.....#.............. ...
#.....#o.............
...#####+####.....#.o............
........(...#.....'............##
............#.....#............#.
............#.....#............#.
............#.....#............'.
...........(##'##o#o...........#.
#####......(((((@o....#######'##.
... #.)..........o....'..........
....#.÷...............#.......<..
....'.................#..........
....#................(#..........
....#.................#######.###
... #.....##########'## #'### ...
'.....# ... ..... .. .#.....#
......


You could see an orc warrior, an orc wizard and 2 orcs.

Vanquished Creatures
  Pikel (D:4)
  A hippogriff (D:8)
  A human (D:7)
  4 hogs (D:7)
  Menkaure (D:5)
  Edmund (D:5)
  2 sky beasts
  3 ice beasts
  3 orc warriors
  A black bear (D:6)
  3 centaurs
  4 ogres
  A gnoll sergeant (D:8)
  3 bullfrogs
  2 scorpions (D:6)
  5 wights (D:6)
  5 howler monkeys
  5 crimson imps
  4 hounds
  6 orc priests
  6 orc wizards
  Crazy Yiuf (D:5)
  2 centaur skeletons
  A bullfrog skeleton (D:4)
  4 iguanas
  8 worker ants
  A killer bee zombie (D:5)
  A hound zombie (D:7)
  2 hound skeletons
  2 worker ant zombies
  Robin (D:2)
  9 adders
  12 gnolls
  4 shadow imps
  2 oozes
  2 adder skeletons
  2 worms
  A dart slug (D:1)
  5 leopard geckos
  26 orcs
  2 giant cockroaches
  4 hobgoblins
  11 jackals
  6 quokkas
  11 bats
  3 frilled lizards
  2 giant cockroach zombies (D:6)
  16 goblins
  A jackal skeleton (D:6)
  9 kobolds
  6 rats
219 creatures vanquished.

Notes
Turn   | Place    | Note
-------+----------+-------------------------------------------
     0 | D:1      | ohad the Ghoul Monk began the quest for the Orb.
     0 | D:1      | Reached XP level 1. HP: 19/19 MP: 0/0
   276 | D:1      | Reached XP level 2. HP: 26/26 MP: 1/1
   284 | D:1      | Reached skill level 4 in Unarmed Combat
   769 | D:2      | Reached XP level 3. HP: 31/31 MP: 2/2
  1013 | D:2      | Noticed Robin
  1029 | D:2      | Reached skill level 5 in Unarmed Combat
  1058 | D:2      | Killed Robin
  1058 | D:2      | Reached XP level 4. HP: 24/38 MP: 1/3
  1957 | D:3      | Reached skill level 6 in Unarmed Combat
  1957 | D:3      | Reached XP level 5. HP: 36/45 MP: 4/4
  2464 | D:3      | Reached skill level 7 in Unarmed Combat
  2665 | D:3      | Reached XP level 6. HP: 34/50 MP: 5/5
  3383 | D:4      | Reached skill level 8 in Unarmed Combat
  3488 | D:4      | Found Facaimaz's Assorted Antiques.
  3504 | D:4      | Reached XP level 7. HP: 41/57 MP: 3/6
  3532 | D:4      | Bought a scroll of identify for 68 gold pieces
  3532 | D:4      | Bought a scroll of identify for 68 gold pieces
  3715 | D:4      | Reached skill level 9 in Unarmed Combat
  4061 | D:4      | Noticed Pikel
  4081 | D:4      | Killed Pikel
  4081 | D:4      | Reached skill level 10 in Unarmed Combat
  4081 | D:4      | Reached XP level 8. HP: 63/63 MP: 7/7
  4148 | D:5      | Entered Level 5 of the Dungeon
  4184 | D:5      | Found a runed door.
  4188 | D:5      | Noticed Crazy Yiuf
  4191 | D:5      | Killed Crazy Yiuf
  4299 | D:5      | Reached skill level 11 in Unarmed Combat
  4301 | D:5      | Noticed Menkaure
  4306 | D:5      | Killed Menkaure
  4526 | D:5      | Reached skill level 12 in Unarmed Combat
  4618 | D:5      | Reached XP level 9. HP: 57/70 MP: 8/8
  4662 | D:5      | Noticed Edmund
  4675 | D:5      | Killed Edmund
  5081 | D:6      | Reached skill level 1 in Armour
  5610 | D:7      | Found Nufowk's Distillery.
  5613 | D:7      | Bought a potion of curing for 39 gold pieces
  5613 | D:7      | Bought a potion of heal wounds for 65 gold pieces
  5809 | D:6      | Reached skill level 5 in Armour
  6062 | D:7      | Reached XP level 10. HP: 58/77 MP: 9/9
  6208 | D:7      | Found a staircase to the Ecumenical Temple.
  6214 | Temple   | Entered the Ecumenical Temple
  6289 | Temple   | Became a worshipper of Cheibriados the Contemplative
  6289 | Temple   | Reached * piety under Cheibriados
  6289 | Temple   | Reached ** piety under Cheibriados
  6347 | D:7      | Reached skill level 5 in Dodging
  6898 | D:8      | Reached skill level 5 in Fighting
  6952 | D:7      | Reached *** piety under Cheibriados
  7138 | D:8      | HP: 3/84 [orc warrior/short sword (16)]
  7140 | D:8      | Killed from afar by an orc wizard

Vault maps used:
D:1:      minmay_arrival_widening_spiral_wide
D:2:      serial_co_window_serial, co_window_of_opportunity_a,
          co_window_of_opportunity_a, co_window_paths_a,
          co_window_of_opportunity_a, co_window_corner_a, co_window_paths_b,
          co_window_paths_a, co_window_cross_1, co_window_corner_a,
          co_window_corner_ca, co_window_2corner, co_window_4corner_a,
          uniq_robin
D:3:      cheibrodos_pilgrimage
D:4:      serial_shops, shop, serial_glass, glass_columns_b, glass_columns_c,
          minmay_strange_pillars, minmay_strange_pillars, feat_on_display,
          feat_on_display, first_ration, uniq_pikel
D:5:      uniq_menkaure, uniq_edmund, uniq_crazy_yiuf_cottage
D:7:      minmay_temple_entry_hall, serial_shops, kennysheep_mini,
          grunt_livestock, kennysheep_windowed_goal
D:8:      serial_shops, shop, trog_butcher_becter
Temple:   regret_index_temple_sigil_plot

Skill      XL: |  1  2  3  4  5  6  7  8  9 10 |
---------------+-------------------------------+-----
Unarmed Combat | 4 5 6 7 8 10 12 | 12.8
Armour         | 5 |  5.2
Dodging        | 4 6 |  6.1
Fighting       | 6 |  6.6
Stealth        | |  2.1

Action                   |  1- 3 |  4- 6 |  7- 9 | 10-12 || total
-------------------------+-------+-------+-------+-------++-------
Melee: Unarmed           |   100 |   177 |   304 |   160 ||   741
       Punch             |     1 |     5 |    14 |    10 ||    30
  Use: Scroll            |     2 |       |       |       ||     2
 Stab: Sleeping          |     2 |     1 |       |       ||     3
  Eat: Chunk             |     2 |    15 |     5 |     6 ||    28
Armor: Robe              |     9 |       |       |       ||     9
       Ring mail         |    15 |    62 |    32 |       ||   109
       Scale mail        |       |       |    73 |    73 ||   146
Dodge: Dodged            |    57 |    84 |   158 |   172 ||   471

Table legend:
 A = Spawn XP
 B = Non-spawn XP
 C = Spawn XP percentage of total XP
 D = Spawn monster count
 E = Non-spawn monster count
 F = Spawn count percentage of total count
 G = Total turns spent on level
                    A         B        C        D         E        F      G
               +---------+---------+-------+---------+---------+-------+---------
         Total |       0 |    7412 |   0.0 |       0 |     219 |   0.0 |  7140
               +---------+---------+-------+---------+---------+-------+---------
           D:1 |       0 |      28 |   0.0 |       0 |      18 |   0.0 |   677
           D:2 |       0 |     163 |   0.0 |       0 |      29 |   0.0 |  1650
           D:3 |       0 |     233 |   0.0 |       0 |      30 |   0.0 |   886
           D:4 |       0 |    1118 |   0.0 |       0 |      23 |   0.0 |   935
           D:5 |       0 |    1199 |   0.0 |       0 |      23 |   0.0 |   797
           D:6 |       0 |    1346 |   0.0 |       0 |      37 |   0.0 |   835
           D:7 |       0 |    2155 |   0.0 |       0 |      32 |   0.0 |   852
           D:8 |       0 |    1170 |   0.0 |       0 |      27 |   0.0 |   420
               +---------+---------+-------+---------+---------+-------+---------
